 Dungeon Crawl Stone Soup version 0.17-a0-1778-gd369669 (webtiles) character file.

379 LordBones the Ruffian (level 6, -7/55 HPs)
             Began as a Minotaur Monk on Sept 8, 2015.
             Was a Priest of Yredelemnul.
             Mangled by a wasp (10 damage)
             ... on level 4 of the Dungeon.
             The game lasted 00:23:51 (3008 turns).

LordBones the Ruffian (Minotaur Monk)               Turns: 3008, Time: 00:23:52

Health: -7/55      AC:  3    Str: 17    XL:     6   Next: 45%
Magic:  5/5        EV: 14    Int:  7    God:    Yredelemnul [***...]
Gold:   128        SH:  0    Dex: 13    Spells: 1 memorised, 4 levels left

rFire  . . .     SeeInvis .       - Unarmed
rCold  . . .     Clarity  .     i - +1 robe
rNeg   . . .     SustAt   .     (no shield)
rPois  .         Gourm    .     (helmet restricted)
rElec  .         Spirit   .     (no cloak)
rCorr  .         Warding  .     (no gloves)
rMut   .         Stasis   .     (no boots)
MR     .....                    (no amulet)
Stlth  ++........               (no ring)
                                (no ring)

@: lethally poisoned (-7 -> -21), slowed, very slow, not resistant to hostile
enchantments, unstealthy
A: retaliatory headbutt, horns 2
a: Animate Dead, Recall Undead Slaves, Injury Mirror, Renounce Religion


You were on level 4 of the Dungeon.
You worshipped Yredelemnul.
Yredelemnul was most pleased with you.
You were not hungry.

You visited 1 branch of the dungeon, and saw 4 of its levels.

You collected 128 gold pieces.

Inventory:

Hand weapons
 b - a +0 hunting sling
 g - a -1 spear
 l - a +1 short sword
 p - a +0 mace
Missiles
 c - 35 bolts
 k - 12 poisoned needles
Armour
 a - a +0 robe
 h - a +0 helmet
 i - a +1 robe (worn)
 n - a +0 robe
 u - a +0 robe
Magical staves
 t - a cursed staff of air
Jewellery
 s - a cursed ring of teleportation
Magical devices
 e - a wand of hasting (6)
Scrolls
 d - a scroll of remove curse
 f - 2 scrolls of identify
Potions
 m - a potion of brilliance
Books
 j - a book of Cantrips

   Spells                             Type                      Level
   a - Corona                         Hexes                        1
   b - Animate Skeleton               Necromancy                   1
   c - Summon Small Mammal            Summoning                    1
   d - Apportation                    Translocation                1
Comestibles
 o - 2 bread rations
 q - a fruit
 r - a meat ration


   Skills:
 + Level 4.9 Fighting
 + Level 5.4 Dodging
 + Level 2.8 Stealth
 + Level 5.8 Unarmed Combat
 + Level 0.6 Invocations


You had 4 spell levels left.
You knew the following spells:

 Your Spells              Type           Power        Failure   Level  Hunger
a - Animate Skeleton      Necr           N/A          47%         1    ##.....


Dungeon Overview and Level Annotations

Branches:
Dungeon (4/15)
 Temple: D:4-7

Altars:
Xom
Yredelemnul


Innate Abilities, Weirdness & Mutations

You reflexively headbutt those who attack you in melee.
You have a pair of horns on your head.


Message History

You feel yourself slow down.
You punch the wasp!
The wasp is heavily wounded.
You feel sick. The wasp stings you!
You are more poisoned.
You suddenly lose the ability to move!
The wasp barely misses you.
You feel sick. The wasp stings you.
* * * LOW HITPOINT WARNING * * *
You are lethally poisoned!
You feel as though you will be slow longer.
The wasp stings you!
* * * LOW HITPOINT WARNING * * *
You feel as though you will be slow longer.
You can move again.
You hit the wasp. Your headbutt misses the wasp.
The wasp is severely wounded.
* * * LOW HITPOINT WARNING * * *
You feel sick. The wasp stings you!
You die...
Your body rises from the dead as a mindless zombie.

### ....#####
........########
#.y@ZZZ....######
#......#..........#
#.#...##.###.####.#
#........# #.# #.#
.......#### #.# #.#
#####.##
#.####Z#### #.
#.#...Z...# ..
..#.##.##.# ###
#.##.#


You could see a wasp, 2 friendly orc zombies and a friendly orc zombie.

Vanquished Creatures
  Sigmund (D:3)
  A hound (D:4)
  An orc wizard (D:4)
  A jelly (D:4)
  An iguana (D:4)
  4 adders
  An ooze (D:2)
  An adder skeleton (D:4)
  A giant gecko (D:4)
  5 orcs (D:4)
  6 hobgoblins
  4 jackals (D:1)
  A ball python (D:3)
  9 bats
  3 giant cockroaches
  3 giant newts (D:1)
  7 goblins
  3 kobolds
  A quokka skeleton (D:4)
  5 rats
  A butterfly (D:2)
60 creatures vanquished.

Notes
Turn   | Place    | Note
--------------------------------------------------------------
     0 | D:1      | LordBones the Minotaur Monk began the quest for the Orb.
     0 | D:1      | Reached XP level 1. HP: 19/19 MP: 0/0
   430 | D:1      | Reached XP level 2. HP: 8/27 MP: 1/1
   534 | D:1      | You fall through a shaft!
   898 | D:2      | Found a shimmering altar of Xom.
   914 | D:2      | HP: 1/27 [ooze (3)]
   915 | D:2      | Reached skill level 5 in Unarmed Combat
   933 | D:2      | Reached XP level 3. HP: 2/33 MP: 2/2
  1632 | D:2      | Learned a level 1 spell: Animate Skeleton
  1938 | D:3      | Reached XP level 4. HP: 31/40 MP: 3/3
  1952 | D:3      | Found a faded altar to an unknown god.
  1976 | D:3      | Became a worshipper of Yredelemnul the Dark
  1976 | D:3      | Acquired Yredelemnul's first power
  1976 | D:3      | Acquired Yredelemnul's second power
  2314 | D:3      | Noticed Sigmund
  2329 | D:3      | Killed Sigmund
  2329 | D:3      | Reached skill level 5 in Dodging
  2329 | D:3      | Reached XP level 5. HP: 28/47 MP: 4/4
  2616 | D:4      | Acquired Yredelemnul's third power
  2616 | D:4      | Reached XP level 6. HP: 46/55 MP: 5/5
  3002 | D:4      | Noticed a wasp
  3006 | D:4      | Paralysed by a wasp for 2 turns
  3008 | D:4      | Mangled by a wasp

Vault maps used:
D:1:      saegor_arrival_simple_a, minmay_misc_feat_hallway,
          kennysheep_small_spiral
D:2:      xom_butterflies
D:3:      ecumenical_altar_1, uniq_sigmund
D:4:      minitemple, minmay_temple_entry_statues_pillars, first_bread

Action                   |  1- 3 |  4- 6 || total
-------------------------+-------+-------++-------
Melee: Unarmed           |   102 |    59 ||   161
       Spear             |     4 |       ||     4
Invok: Animate Remains   |       |     1 ||     1
       Animate Dead      |       |     2 ||     2
  Use: Scroll            |     6 |     2 ||     8
       Potion            |     4 |     4 ||     8
 Stab: Sleeping          |     4 |     1 ||     5
  Eat: Bread ration      |     1 |     1 ||     2
       Fruit             |       |     2 ||     2
